 Dungeon Crawl Stone Soup version 0.31-a0-986-g5e6e4ef867 (webtiles) character file.

Game seed: 15247580209884964256

568 horus123 the Chiller (level 7, 0/46 HPs)
             Began as a Demonspawn Ice Elementalist on Nov 9, 2023.
             Slain by Menkaure (20 damage)
             ... on level 4 of the Dungeon.
             The game lasted 00:09:22 (3698 turns).

horus123 the Chiller (Demonspawn Ice Elementalist)  Turns: 3698, Time: 00:09:23

Health: 0/46       AC:  4    Str:  8    XL:     7   Next: 11%
Magic:  10/13      EV: 12    Int: 18    God:
Gold:   150        SH:  0    Dex: 14    Spells: 1/14 levels left

rFire   . . .        e - +0 halberd
rCold   . . .        (shield currently unavailable)
rNeg    . . .        a - +0 robe
rPois   .            (no helmet)
rElec   .            (no cloak)
rCorr   .            (no gloves)
SInv    .            (no boots)
Will    .....        (no amulet)
Stlth   ++           (no ring)
HPRegen 0.27/turn    (no ring)
MPRegen 0.13/turn

%: no passive effects
@: mighty
A: icy blue scales 1, demonic guardian 1, powered by pain 2
a: no special abilities


You were on level 4 of the Dungeon.
You visited 1 branch of the dungeon, and saw 4 of its levels.

You collected 202 gold pieces.
You spent 52 gold pieces at shops.

Inventory:

Hand Weapons
 c - a +0 scythe
 d - a +0 flail
 e - a +0 halberd (weapon)
 l - a +1 dagger of venom
Armour
 a - a +0 robe (worn)
 n - the +0 helmet "Hizucsim" {Rampage rC+ Dex-4 SInv}
   (You found it on level 2 of the Dungeon)

   Dex-4:     It affects your dexterity (-4).
   rC+:       It protects you from cold.
   SInv:      It lets you see invisible.
   Rampage:   It bestows one free step when moving towards enemies.
Scrolls
 m - 2 scrolls of amnesia
 p - a scroll of blinking
 q - a scroll of fear
 t - a scroll of teleportation
 u - a scroll of revelation
Potions
 b - a potion of magic
 f - 4 potions of resistance {unknown}
 g - a potion of curing {unknown}
 h - a potion of lignification {unknown}
 i - 2 potions of mutation {unknown}
 j - a potion of enlightenment {unknown}
 k - a potion of might {unknown}
 o - a potion of attraction {unknown}
 r - a potion of heal wounds {unknown}
 s - a potion of cancellation {unknown}


   Skills:
 - Level 1.7 Dodging
 - Level 1.7 Stealth
 - Level 4.0 Spellcasting
 + Level 3.8 Summonings
 - Level 6.0 Ice Magic


You had one spell level left.
You knew the following spells:

 Your Spells              Type           Power      Damage    Failure   Level
a - Freeze                Ice            100%       1d10      1%          1
b - Frozen Ramparts       Ice            50%        1d8       3%          3
c - Ozocubu's Armour      Ice            25%        N/A       3%          3
d - Ensorcelled Hibernat  Hex/Ice        28%        N/A       6%          2
e - Summon Ice Beast      Ice/Summ       21%        N/A       21%         4

Your spell library contained the following spells:

 Spells                   Type           Power      Damage    Failure   Level
 Blink                    Tloc           6%         N/A       22%         2
 Cigotuvi's Dreadful Rot  Necr/Pois/Air  6%         N/A       22%         2
 Lesser Beckoning         Tloc           6%         N/A       22%         2
 Momentum Strike          Conj/Tloc      6%         3d8       22%         2
 Passwall                 Tmut/Erth      2%         N/A       22%         2
 Swiftness                Air            3%         N/A       41%         3
 Dispel Undead            Necr           3%         3d7       82%         4
 Death Channel            Necr           1%         N/A       100%        6


Dungeon Overview and Level Annotations

Branches:
Dungeon (4/15)
 Temple: D:4-7

Altars:

Shops:
D:1 *   D:2 (

Annotations:
D:4 3 runed translucent doors, Crazy Yiuf, Menkaure


Innate Abilities, Weirdness & Mutations

You are partially covered in icy blue scales. (AC +2)
A weak demonic guardian rushes to your aid.
You sometimes gain power by taking damage.


Message History

The puff of frost hits the scorpion zombie.
The scorpion zombie resists.
The scorpion zombie hits your white imp but does no damage.
You have reached level 7!
Your demonic ancestry asserts itself...
You feel even more energised by your suffering.
You puncture the scorpion zombie!
You destroy the scorpion zombie!
Your white imp disappears in a puff of smoke!
Menkaure, Prince of Dust comes into view.
Menkaure shouts!
Casting: Freeze (safe; 1% risk of failure)
Confirm with . or Enter, or press ? or * to list all spells.
You can't see any susceptible monsters within range! (Use Z to cast anyway.) Menkaure calls on the powers of darkness!
Your body is wracked with pain!
A demonic guardian appears!
You focus on the pain.
You feel very mighty all of a sudden.
Casting: Freeze (safe; 1% risk of failure)
Confirm with . or Enter, or press ? or * to list all spells.
Casting: Frozen Ramparts (dangerous; 3% risk of failure)
Press: ? - help, Dir - look around, f - activate The walls around you are covered in ice.
Menkaure gestures wildly while chanting.
Menkaure seems to speed up.
Your ufetubus slips past Menkaure!
Your ufetubus barely misses Menkaure.
Your ufetubus hits Menkaure. Your ufetubus hits Menkaure.
Your ufetubus hits Menkaure but does no damage.
Something barely misses your ufetubus.
Your ufetubus hits Menkaure.
Your ufetubus hits Menkaure but does no damage.
Your ufetubus hits Menkaure.
Your ufetubus closely misses Menkaure.
Something completely misses your ufetubus.
The frozen ramparts melt away.
Your ufetubus slips past Menkaure!
Your ufetubus hits Menkaure.
Your ufetubus barely misses Menkaure.
Menkaure hits your ufetubus!!
Your ufetubus dies!
Your ufetubus disappears in a puff of smoke!
Menkaure hits you!!
You die...

#..#8.......# ##.####.... ..
....'...#...## ##....#.....
..8####8..[..#..## ##...........
...........###...###............
##......#### ##...#....##.......
....##....######......##........
..# #.......###................
. ##........#M...............
##..8.†..@..§.............
#...†....................
#........................
#.................##...##
#................###...#
#................## ##..##
...######........## #...# ..#
........## ##..# .# .......##
#...


You could see Menkaure (fast).

Vanquished Creatures
  Sigmund (D:4)
  A scorpion (D:4)
  A scorpion zombie (D:4)
  Terence (D:3)
  An iguana (D:4)
  A hound zombie (D:4)
  Robin (D:2)
  4 adders
  13 orcs (D:3)
  5 endoplasms
  2 giant cockroaches (D:3)
  15 goblins
  7 hobgoblins
  2 jackals (D:3)
  8 kobolds
  5 quokkas
  4 ball pythons
  5 bats
  3 frilled lizards
  3 rats
83 creatures vanquished.

Vanquished Creatures (collateral kills)
  A phantom (D:4)
  A scorpion zombie (D:4)
  A hound zombie (D:4)
3 creatures vanquished.

Grand Total: 86 creatures vanquished

Notes
Turn   | Place    | Note
-------+----------+-------------------------------------------
     0 | D:1      | horus123 the Demonspawn Ice Elementalist began the quest
                  | for the Orb.
     0 | D:1      | Reached XP level 1. HP: 13/13 MP: 3/3
   258 | D:1      | Found Woror's General Store.
   434 | D:1      | Found a faded altar of an unknown god.
   443 | D:1      | Gained mutation: You sometimes gain a little power by
                  | taking damage. [demonic ancestry]
   443 | D:1      | Reached XP level 2. HP: 15/19 MP: 3/5
   778 | D:2      | You fall into a shaft and drop 2 floors!
  1167 | D:2      | Noticed Robin
  1181 | D:2      | Gained mutation: A weak demonic guardian rushes to your
                  | aid. [demonic ancestry]
  1181 | D:2      | Reached XP level 3. HP: 15/24 MP: 0/7
  1190 | D:2      | Killed Robin
  1532 | D:2      | Found Guxuim's Weapon Shoppe.
  1541 | D:2      | Bought a +0 halberd for 52 gold pieces
  1676 | D:2      | Identified the +0 helmet "Hizucsim" {Rampage rC+ Dex-4
                  | SInv}
  1776 | D:2      | Reached XP level 4. HP: 27/30 MP: 7/10
  1780 | D:2      | Learned a level 3 spell: Frozen Ramparts
  1784 | D:2      | Learned a level 3 spell: Ozocubu's Armour
  1787 | D:2      | Learned a level 2 spell: Ensorcelled Hibernation
  1926 | D:2      | Reached skill level 4 in Ice Magic
  2307 | D:3      | Noticed Terence
  2314 | D:3      | Killed Terence
  2447 | D:3      | Gained mutation: You are partially covered in icy blue
                  | scales. (AC +2) [demonic ancestry]
  2447 | D:3      | Reached XP level 5. HP: 35/35 MP: 3/11
  3223 | D:4      | Noticed a phantom
  3261 | D:4      | Reached skill level 5 in Ice Magic
  3266 | D:4      | Killed a phantom
  3399 | D:4      | Found a runed translucent door.
  3400 | D:4      | Noticed Crazy Yiuf
  3476 | D:4      | Reached XP level 6. HP: 41/41 MP: 12/12
  3481 | D:4      | Learned a level 4 spell: Summon Ice Beast
  3583 | D:4      | Noticed Sigmund
  3590 | D:4      | Killed Sigmund
  3591 | D:4      | Reached skill level 6 in Ice Magic
  3643 | D:4      | Found a large runed translucent door.
  3647 | D:4      | Found a large runed translucent door.
  3666 | D:4      | Gained mutation: You sometimes gain power by taking damage.
                  | [demonic ancestry]
  3666 | D:4      | Reached XP level 7. HP: 25/46 MP: 9/13
  3681 | D:4      | Noticed Menkaure
  3698 | D:4      | Slain by Menkaure

Illustrated notes

Levels and vault maps discovered:
D:1:      ncdulo_smallfort, layout_rooms, serial_shops,
          nicolae_shop_back_alley_shop, hellmonk_ecumenical_altar_lost_god,
          kennysheep_pointless_box
D:2:      layout_loops_corners, serial_shops,
          nicolae_shop_pleasant_corner_grove, minmay_misc_feat_columns,
          minmay_tree_intersection, uniq_robin
D:3:      layout_rooms, minmay_fractal_squares_gapless_5, uniq_terence
D:4:      layout_layer_cave, pdpol_wu_jian_five_deadly_venoms,
          jmf_multi_god_temple2, serial_undead, serial_undead_f,
          serial_undead_b, serial_undead_d, serial_undead_d,
          uniq_crazy_yiuf_cottage, uniq_menkaure, uniq_sigmund, uniq_duvessa

Skill      XL: |  1  2  3  4  5  6 |
---------------+-------------------+-----
Spellcasting   | 3 4 |  4.0
Ice Magic      | 4 5 6 |  6.0
Summonings     | 3 |  3.8
Dodging        | |  1.7
Stealth        | |  1.7

Action                     |  1- 3 |  4- 6 |  7- 9 || total
---------------------------+-------+-------+-------++-------
  Melee: Unarmed           |     1 |       |       ||     1
         Flail             |    21 |       |       ||    21
         Halberd           |     5 |    61 |     1 ||    67
         Dagger            |     2 |       |       ||     2
   Cast: Freeze            |    52 |    45 |       ||    97
         Frozen Ramparts   |       |     9 |     1 ||    10
         Ozocubu's Armour  |       |     2 |       ||     2
    Use: Scroll            |     3 |     4 |       ||     7
   Stab: Sleeping          |     2 |     4 |       ||     6
         Distracted        |     1 |       |       ||     1
 Armour: Robe              |    37 |    58 |     1 ||    96
  Dodge: Dodged            |    55 |    71 |       ||   126

Table legend: (Time is in decaauts)
 A = Elapsed time spent in this place.
 B = Non-inter-level travel time spent in this place.
 C = Inter-level travel time spent in this place.
 D = Time resting spent in this place.
 E = Time spent auto-exploring this place.
 F = Levels seen in this place.
 G = Mean time per level.
                   A        B        C        D        E       F      G
               +--------+--------+--------+--------+--------+-----+--------+
         Total |   3737 |   3641 |     96 |    675 |   2332 |   4 |  934.2 |
       Dungeon |   3737 |   3641 |     96 |    675 |   2332 |   4 |  934.2 |
               +--------+--------+--------+--------+--------+-----+--------+

Top non-repeatable levels by time:
     D:2: 1293 daAuts
     D:3: 1181 daAuts
     D:1: 684 daAuts
     D:4: 578 daAuts
